 Dungeon Crawl Stone Soup version 0.19-a0-45-g2c295ea (webtiles) character file.

243 Zhenya25pyc the Skirmisher (level 6, -4/39 HPs)
             Began as a Gargoyle Fighter on May 5, 2016.
             Killed from afar by Dowan (17 damage)
             ... with a stone arrow
             ... on level 4 of the Dungeon.
             The game lasted 00:04:27 (2655 turns).

Zhenya25pyc the Skirmisher (Gargoyle Fighter)       Turns: 2655, Time: 00:04:29

Health: -4/39      AC: 11    Str: 23    XL:     6   Next: 9%
Magic:  6/6        EV:  7    Int:  8    God:
Gold:   144        SH:  9    Dex: 10    Spells: 0 memorised, 5 levels left

rFire  . . .     SeeInvis .     a - +0 flail
rCold  . . .     Gourm    .     b - +0 scale mail
rNeg   + . .     Faith    .     c - +0 shield
rPois  ∞         Spirit   .     (no helmet)
rElec  +         Dismiss  .     (no cloak)
rCorr  .         Reflect  .     (no gloves)
SustAt .         Harm     .     (no boots)
MR     .....                    (no amulet)
Stlth  ..........               (no ring)
                                j - +2 ring of strength

@: not resistant to hostile enchantments, extremely unstealthy
A: negative energy resistance 1, electricity resistance, unbreathing,
petrification resistance, rot immunity, AC +4
a: no special abilities


You were on level 4 of the Dungeon.
You were not hungry.

You visited 1 branch of the dungeon, and saw 4 of its levels.

You collected 144 gold pieces.

Inventory:

Hand Weapons
 a - a +0 flail (weapon)
Armour
 b - a +0 scale mail (worn)
 c - a +0 shield (worn)
Jewellery
 j - a +2 ring of strength (left hand)
Scrolls
 e - a scroll of magic mapping {unknown}
 h - 3 scrolls of identify {unknown}
 p - a scroll of immolation {unknown}
 r - a scroll of remove curse {unknown}
Potions
 d - a potion of might
 g - a potion of magic {unknown}
 i - a potion of cure mutation {unknown}
 k - 2 potions of mutation {unknown}
 l - 2 potions of ambrosia {unknown}
 m - 2 potions of flight {unknown}
 n - 2 potions of curing {unknown}
 s - a potion of heal wounds {unknown}
 u - a potion of degeneration {unknown}
Comestibles
 f - 2 bread rations
 o - 3 meat rations
 q - a chunk of flesh
 t - a beef jerky


   Skills:
 + Level 4.4 Fighting
 * Level 4.3 Maces & Flails
 + Level 4.1 Armour
 + Level 4.2 Shields


You had 5 spell levels left.
You didn't know any spells.

Dungeon Overview and Level Annotations

Branches:
Dungeon (4/15)
 Temple: D:4-7

Altars:
Elyvilon

Annotations:
D:4 Dowan


Innate Abilities, Weirdness & Mutations

You are resistant to torment.
Your stone body is resilient (AC +4).
You are immune to poison.
You resist negative energy.
You are resistant to electric shocks.
You can survive without breathing.
You are immune to petrification.
You are immune to rotting.


Message History

Dowan hits you but does no damage.
You barely miss Dowan.
Dowan is moderately wounded.
Dowan says, "Magic will overcome all!"
Dowan casts a spell at you. The shard of ice hits you!
Dowan hits you but does no damage.
You barely miss Dowan.
Dowan is moderately wounded.
You block Dowan's attack. Dowan hits you but does no damage.
Your shield and scale mail prevent you from hitting Dowan.
Dowan is moderately wounded.
Dowan casts a spell at you. The stone arrow hits you!
Dowan hits you but does no damage.
You barely miss Dowan.
Dowan is moderately wounded.
Dowan gestures wildly while chanting.
Dowan blinks!
Dowan casts a spell at you. The stone arrow hits you!
You die...

# #..........
..#.. ....... #
#.#.# ...... ..
#.#.# ....
.#.###.#.####.##
...............#
...............#
.......%.e.....###
.......@.........#
.......§#......#.#
........#........#
.....####......###
..... #......#<#
.... ####...).#
... #)##### ###
...# #####


You could see Dowan.

Vanquished Creatures
  Duvessa (D:4)
  4 gnolls (D:2)
  4 adders
  A worm (D:2)
  3 giant geckos
  An orc (D:3)
  3 giant cockroaches
  6 goblins
  9 hobgoblins
  7 jackals (D:3)
  13 kobolds
  4 bats
  5 giant newts
  8 rats
69 creatures vanquished.

Notes
Turn   | Place    | Note
--------------------------------------------------------------
     0 | D:1      | Zhenya25pyc the Gargoyle Fighter began the quest for the Orb.
     0 | D:1      | Reached XP level 1. HP: 14/14 MP: 1/1
   438 | D:1      | Reached XP level 2. HP: 19/19 MP: 2/2
  1034 | D:2      | Reached XP level 3. HP: 23/23 MP: 3/3
  1055 | D:2      | Found a white marble altar of Elyvilon.
  1445 | D:2      | Reached XP level 4. HP: 23/28 MP: 4/4
  2249 | D:3      | Reached XP level 5. HP: 29/33 MP: 5/5
  2606 | D:4      | Noticed Duvessa
  2609 | D:4      | Noticed Dowan
  2631 | D:4      | Killed Duvessa
  2631 | D:4      | Reached XP level 6. HP: 26/39 MP: 6/6
  2655 | D:4      | Killed from afar by Dowan

Vault maps used:
D:1:      saegor_arrival_under_anarchy, grunt_decor_mini_mirrors, nrook_uturn
D:2:      old_standard_altar
D:4:      lightli_temple_of_fire, st_stairs_5, uniq_duvessa

Skill      XL: |  1  2  3  4  5 |
---------------+----------------+-----
Maces & Flails | 3 4 |  4.3
Shields        | 4 |  4.2
Fighting       | 4 |  4.4
Armour         | 4 |  4.1

Action                   |  1- 3 |  4- 6 || total
-------------------------+-------+-------++-------
Melee: Flail             |    76 |   169 ||   245
  Eat: Chunk             |     1 |     5 ||     6
Armor: Scale mail        |    24 |    96 ||   120
Dodge: Dodged            |    26 |    49 ||    75
Block: Shield            |    34 |    97 ||   131
